 Dungeon Crawl Stone Soup version 0.29-a0-284-gf9362112df (webtiles) character file.

Game seed: 6271373001333830460

97 avis the Ruffian (level 4, -1/36 HPs)
             Began as a Hill Orc Transmuter on Mar 17, 2022.
             Slain by a gnoll
             ... wielding a +0 halberd
              (11 damage)
             ... on level 3 of the Dungeon.
             The game lasted 00:12:11 (3785 turns).

avis the Ruffian (Hill Orc Transmuter)              Turns: 3785, Time: 00:12:12

Health: -1/36      AC:  4    Str: 12    XL:     4   Next: 68%
Magic:  4/7        EV: 12    Int: 15    God:
Gold:   133        SH:  0    Dex: 11    Spells: 3/7 levels left

rFire   . . .      SeeInvis .   a - +2 whip (vamp)
rCold   . . .      Faith    .   (no shield)
rNeg    . . .      Spirit   .   c - +0 robe
rPois   .          Reflect  .   (no helmet)
rElec   .          Harm     .   (no cloak)
rCorr   +          Rampage  .   q - +0 pair of gloves
Will    .....                   A - +0 pair of boots
Stlth   +.........              (no amulet)
HPRegen 0.12/turn               k - ring of resist corrosion
MPRegen 0.10/turn               (no ring)

@: no status effects
A: no striking features
a: no special abilities


You were on level 3 of the Dungeon.
You visited 1 branch of the dungeon, and saw 3 of its levels.

You collected 133 gold pieces.

Inventory:

Hand Weapons
 a - a +2 vampiric whip (weapon)
 b - a +0 hunting sling
 f - a +0 mace of draining
 u - a +0 spear
 w - a +4 halberd
 y - a +2 short sword of draining
Missiles
 i - 63 stones
 v - 2 throwing nets
Armour
 c - a +0 robe (worn)
 g - a +0 plate armour
 p - a +0 chain mail
 q - a +0 pair of gloves (worn)
 A - a +0 pair of boots (worn)
Magical Staves
 e - a staff of air
Jewellery
 k - a ring of resist corrosion (left hand)
Scrolls
 d - a scroll of enchant armour {unknown}
 h - 2 scrolls of brand weapon {unknown}
 j - a scroll of vulnerability {unknown}
 l - 4 scrolls of identify {unknown}
 t - 2 scrolls of teleportation {unknown}
 z - a scroll of summoning {unknown}
Potions
 m - a potion of lignification
 n - 3 potions of mutation {unknown}
 o - 2 potions of brilliance {unknown}
 r - a potion of flight {unknown}
 s - a potion of curing {unknown}
 x - a potion of berserk rage {unknown}
 B - a potion of degeneration {unknown}


   Skills:
 * Level 2.0 Fighting
 - Level 1.6 Dodging
 - Level 4.0 Unarmed Combat
 - Level 2.0 Spellcasting
 - Level 2.0 Transmutations
 - Level 2.0 Poison Magic


You had 3 spell levels left.
You knew the following spells:

 Your Spells              Type           Power      Damage    Failure   Level
a - Beastly Appendage     Tmut           14%        N/A       10%         1
p - Spider Form           Tmut/Pois      7%         N/A       28%         3

Your spell library contained the following spells:

 Spells                   Type           Power      Damage    Failure   Level
 Wereblood                Tmut           7%         N/A       14%         2
 Sublimation of Blood     Necr           1%         N/A       32%         2
 Ice Form                 Ice/Tmut       4%         N/A       82%         4
 Summon Hydra             Summ           0%         N/A       100%        7


Dungeon Overview and Level Annotations

Branches:
Dungeon (3/15)

Altars:


Message History

You hit the bat.
You kill the bat!
The gnoll barely misses you.
You bite the gnoll!
The gnoll is poisoned.
The gnoll is severely wounded.
The gnoll misses you. x3
You barely miss the gnoll.
The gnoll is severely wounded.
The gnoll closely misses you. The gnoll misses you.
The gnoll barely misses you.
You barely miss the gnoll.
The gnoll is almost dead.
The gnoll hits you but does no damage. The gnoll closely misses you.
The gnoll misses you.
Your transformation has ended.
Your +2 vampiric whip unmelds from your body.
Your +0 pair of gloves unmelds from your body.
Your +0 pair of boots unmelds from your body.
Your +0 robe unmelds from your body.
You feel a sense of dread. The gnoll closely misses you.
There is a stone staircase leading up here.
You hit the gnoll.
You feel better.
The gnoll is lightly wounded.
The gnoll hits you but does no damage. The gnoll barely misses you.
The gnoll hits you from afar with a +0 halberd.
You hit the gnoll.
The gnoll is moderately wounded.
The gnoll hits you with a +0 club.
The gnoll hits you but does no damage. x2
You hit the gnoll.
You feel better.
The gnoll is severely wounded.
You kill the gnoll!
The gnoll hits you from afar with a +0 halberd!
The gnoll closely misses you. The gnoll hits you with a +0 club.
The gnoll hits you from afar with a +0 halberd.
* * * LOW HITPOINT WARNING * * *
Training target 2.0 for Spellcasting reached!
Your Spellcasting skill increases to level 2!
You need to enable at least one skill for training.
The gnoll hits you from afar with a +0 halberd!
You die...

######### #.......#
### #.#####.# ..#
#.#####.#### ####.#
#@##.......# ###....#
#g##.##.##.# #.#....#
#)g.....##.#
#.#....######g#####.#
# ##.##.#..g.gg..#
#.# ###
#.......######## #.#
..####..###### #.#
....###.#
############.###
....g.g.#
#.....##.......#


You could see 2 gnolls.

Vanquished Creatures
  5 gnolls
  2 dart slugs (D:1)
  3 bats
  6 endoplasms
  A giant cockroach (D:1)
  2 goblins
  5 hobgoblins
  2 quokkas (D:1)
  10 ball pythons
  A frilled lizard (D:1)
  4 kobolds
  3 rats (D:1)
44 creatures vanquished.

Vanquished Creatures (others)
  A hobgoblin (D:1)
  A ball python (D:1)
2 creatures vanquished.

Grand Total: 46 creatures vanquished

Notes
Turn   | Place    | Note
-------+----------+-------------------------------------------
     0 | D:1      | avis the Hill Orc Transmuter began the quest for the Orb.
     0 | D:1      | Reached XP level 1. HP: 16/16 MP: 3/3
   125 | D:1      | Reached XP level 2. HP: 5/23 MP: 4/4
   386 | D:1      | Found a faded altar of an unknown god.
   718 | D:1      | Reached skill level 4 in Unarmed Combat
   847 | D:1      | Reached XP level 3. HP: 29/29 MP: 5/5
   851 | D:1      | Learned a level 3 spell: Spider Form
  2218 | D:1      | Reached skill level 1 in Poison Magic
  2430 | D:1      | Reached XP level 4. HP: 26/36 MP: 6/6
  3785 | D:3      | Slain by a gnoll

Illustrated notes

Levels and vault maps discovered:
D:1:      psy_arrival_dodecagon, layout_loops_ring, basic_ecumenical_altar,
          minivault_19, lemuel_old_faithful
D:2:      layout_basic
D:3:      minmay_skewed_foursquare, layout_loops_cross,
          gammafunk_ghost_cemetery, lexackson_kobold_supper

Skill      XL: |  1  2  3  4 |
---------------+-------------+-----
Fighting       | 2 |  2.0
Unarmed Combat | 4 |  4.0
Transmutations | 2 |  2.0
Poison Magic   | 1 2 |  2.0
Spellcasting   | 2 |  2.0
Dodging        | |  1.6

Action                   |  1- 3 |  4- 6 || total
-------------------------+-------+-------++-------
Melee: Mace              |     9 |       ||     9
       Unarmed           |     4 |     5 ||     9
       Headbutt          |     2 |       ||     2
       Short sword       |    74 |     9 ||    83
       Kick              |     2 |       ||     2
       Punch             |     3 |       ||     3
       Whip              |       |    18 ||    18
 Cast: Beastly Appendage |     5 |       ||     5
       Spider Form       |       |     1 ||     1
Armor: Robe              |     3 |     3 ||     6
       Plate armour      |    33 |       ||    33
       Chain mail        |    10 |    55 ||    65
       Skin              |       |     2 ||     2
Dodge: Dodged            |    22 |    27 ||    49

Table legend: (Time is in decaauts)
 A = Elapsed time spent in this place.
 B = Non-inter-level travel time spent in this place.
 C = Inter-level travel time spent in this place.
 D = Time resting spent in this place.
 E = Time spent auto-exploring this place.
 F = Levels seen in this place.
 G = Mean time per level.
                   A        B        C        D        E       F      G
               +--------+--------+--------+--------+--------+-----+--------+
         Total |   3806 |   3654 |    152 |   1168 |   1566 |   3 | 1268.7 |
       Dungeon |   3806 |   3654 |    152 |   1168 |   1566 |   3 | 1268.7 |
               +--------+--------+--------+--------+--------+-----+--------+

Top non-repeatable levels by time:
     D:1: 2167 daAuts
     D:2: 1219 daAuts
     D:3: 419 daAuts
